 Dungeon Crawl Stone Soup version 0.31-a0-523-g071a6c1ffa (webtiles) character file.

Game seed: 13325762647062659331

13732 arthad the Cleaver (level 12, -11/67 HPs)
             Began as a Vine Stalker Berserker on Aug 11, 2023.
             Was a High Priest of Trog.
             Mangled by a two-headed ogre
             ... wielding a +0 giant spiked club
              (19 damage)
             ... on level 11 of the Dungeon.
             The game lasted 00:20:39 (8905 turns).

arthad the Cleaver (Vine Stalker Berserker)         Turns: 8905, Time: 00:20:40

Health: -11/67     AC: 14    Str: 28    XL:     12   Next: 9%
Magic:  0/13       EV: 14    Int:  7    God:    Trog [*****.]
Gold:   622        SH:  5    Dex: 11    Spells: 11/11 levels left

rFire   + . .        X - +1 executioner's axe (heavy)
rCold   + . .        (shield currently unavailable)
rNeg    . . .        I - +4 leather armour "Ytiyriwk" {rPois Str+3 Dex-3}
rPois   +            f - +0 helmet
rElec   .            V - scarf {rC+ rF+}
rCorr   .            Q - +0 pair of gloves
SInv    +            (no boots)
Will    +....        m - amulet of reflection
Stlth   +            v - ring of see invisible
HPRegen 1.11/turn    G - +4 ring of protection
MPRegen 0.13/turn

%: reflection, guardian spirit
@: no status effects
A: fangs 3, regeneration 1, magic shield, antimagic bite, no potion heal 2
a: Renounce Religion, Berserk, Trog's Hand, Brothers in Arms


You were on level 11 of the Dungeon.
You worshipped Trog.
Trog was extremely pleased with you.
You visited 1 branch of the dungeon, and saw 11 of its levels.

You collected 622 gold pieces.

Inventory:

Hand Weapons
 a - a +0 hand axe
 b - a +2 war axe of freezing
 J - a +2 scythe of venom
 L - a +2 halberd of draining
 O - a +0 flail
 P - a +0 heavy war axe
 X - a +1 heavy executioner's axe (weapon)
 Z - a +1 hand axe of flaming
Missiles
 o - 3 darts of dispersal
 w - 34 poisoned darts
 D - 6 javelins (quivered)
 W - 5 curare-tipped darts
Armour
 f - a +0 helmet (worn)
 t - a +1 ring mail of cold resistance
 H - a +0 tower shield
 I - the +4 leather armour "Ytiyriwk" (worn) {rPois Str+3 Dex-3}
   (You found it on level 6 of the Dungeon)

   Str+3:     It affects your strength (+3).
   Dex-3:     It affects your dexterity (-3).
   rPois:     It protects you from poison
 M - +0 acid dragon scales
 Q - a +0 pair of gloves (worn)
 V - a scarf of resistance (worn)
Jewellery
 m - an amulet of reflection (around neck)
 v - a ring of see invisible (left hand)
 C - a ring of poison resistance
 G - a +4 ring of protection (right hand)
Wands
 n - a wand of paralysis (2)
 y - a wand of polymorph (3)
 E - a wand of digging (2)
 K - a wand of mindburst (3)
 T - a wand of flame (15)
Scrolls
 c - a scroll of brand weapon {unknown}
 e - 2 scrolls of vulnerability
 i - 3 scrolls of silence
 k - 3 scrolls of teleportation
 l - 2 scrolls of fear
 r - 3 scrolls of fog
 s - 2 scrolls of blinking
 R - 2 scrolls of poison
 S - a scroll of amnesia
 Y - a scroll of identify
Potions
 d - a potion of mutation {unknown}
 g - 5 potions of enlightenment
 h - a potion of berserk rage
 j - 4 potions of haste
 p - 2 potions of brilliance {unknown}
 q - 2 potions of attraction {unknown}
 u - 9 potions of curing
 x - 4 potions of lignification {unknown}
 z - 2 potions of resistance {unknown}
 A - 2 potions of magic {unknown}
 B - a potion of might {unknown}
 F - a potion of cancellation {unknown}
 N - 4 potions of heal wounds {unknown}
 U - 4 potions of degeneration


   Skills:
 * Level 9.8 Fighting
 * Level 9.8 Axes
 + Level 6.6 Armour
 + Level 6.6 Dodging
 + Level 6.2 Evocations


You had 11 spell levels left.
You didn't know any spells.
Your spell library contained the following spells:

 Spells                   Type           Power      Damage    Failure   Level
 Freeze                   Ice            0%         1d3       45%         1
 Kiss of Death            Conj/Necr      0%         2d5       45%         1
 Magic Dart               Conj           0%         1d3       45%         1
 Sandblast                Erth           0%         2d4       45%         1
 Summon Small Mammal      Summ           0%         N/A       45%         1
 Blink                    Tloc           0%         N/A       61%         2
 Call Imp                 Summ           0%         N/A       61%         2
 Passwall                 Tmut/Erth      0%         N/A       61%         2
 Call Canine Familiar     Summ           0%         N/A       83%         3
 Confusing Touch          Hex            0%         N/A       83%         3
 Dazzling Flash           Conj/Hex       0%         N/A       83%         3
 Frozen Ramparts          Ice            0%         1d1       83%         3
 Hailstorm                Conj/Ice       0%         3d3       83%         3
 Mephitic Cloud           Conj/Pois/Air  0%         N/A       83%         3
 Portal Projectile        Hex/Tloc       0%         N/A       83%         3
 Stone Arrow              Conj/Erth      0%         3d7       83%         3
 Summon Guardian Golem    Hex/Summ       0%         N/A       83%         3
 Tukima's Dance           Hex            0%         N/A       83%         3
 Vhi's Electric Charge    Tloc/Air       0%         N/A       83%         3
 Volatile Blastmotes      Fire/Tloc      0%         2d10      83%         3
 Animate Armour           Summ/Erth      0%         N/A       99%         4
 Animate Dead             Necr           0%         N/A       99%         4
 Dispel Undead            Necr           0%         3d6       99%         4
 Iskenderun's Mystic Bla  Conj/Tloc      0%         2d3       99%         4
 Manifold Assault         Tloc           0%         N/A       99%         4
 Passage of Golubria      Tloc           0%         N/A       99%         4
 Arcjolt                  Conj/Air       0%         1d10      100%        5
 Yara's Violent Unravell  Hex/Tmut       0%         3d3       100%        5
 Plasma Beam              Fire/Air       0%         2x1d10    100%        6
 Starburst                Conj/Fire      0%         6d3       100%        6
 Haunt                    Necr/Summ      0%         N/A       100%        7
 Infestation              Necr           0%         N/A       100%        8
 Lehudib's Crystal Spear  Conj/Erth      0%         10d2      100%        8
 Maxwell's Capacitive Co  Air            0%         ∞         100%        8


Dungeon Overview and Level Annotations

Branches:
Dungeon (11/15)            Temple (0/1) D:6            Lair (0/5) D:11
    Orc: D:9-12

Altars:
Dithmenos
Elyvilon
Gozag
Uskayaw
Vehumet
Wu Jian
Zin

Shops:
D:7 [


Innate Abilities, Weirdness & Mutations

You have razor-sharp teeth.
Your natural rate of healing is unusually fast.
When hurt, damage is shared between your health and your magic reserves.
Your bite disrupts and absorbs the magic of your enemies.
Potions cannot restore your health.


Message History

An orc priest comes into view. It is wielding a +0 short sword.
Okay, then.
Unknown command.
There is a stone staircase leading down here.
There is a stone staircase leading down here.
You hit the orc but do no damage. You bite the orc. You drain its power.
The orc is lightly wounded.
The orc barely misses you. The orc hits you with a +0 dagger.
You closely miss the orc. You bite the orc.
You kill the orc!
Trog accepts your kill.
No target in view!
Things that are here:
a +0 dagger; a +0 animal skin; an orc corpse The two-headed ogre shouts in stereo!
The orc priest casts a cantrip, but nothing happens.
The orc priest calls down the wrath of Beogh upon you.
Beogh smites you!
You closely miss the orc priest. Your bite misses the orc priest.
You slash the two-headed ogre! You bite the two-headed ogre!
You drain its power.
You feel invigorated.
The two-headed ogre is heavily wounded.
You slice the orc priest!!
You kill the orc priest!
Trog accepts your kill.
The two-headed ogre hits you with a +0 giant spiked club!
The two-headed ogre barely misses you.
The two-headed ogre hits you with a +0 giant spiked club!!
The two-headed ogre hits you with a +0 giant club!!
You are too injured to fight recklessly!
You slash the two-headed ogre!
The two-headed ogre is severely wounded.
You block the two-headed ogre's attack. The two-headed ogre closely misses you.
You barely miss the two-headed ogre. You bite the two-headed ogre!
You drain its power.
You feel invigorated.
The two-headed ogre is almost dead.
The two-headed ogre hits you with a +0 giant spiked club!!
* * * LOW HITPOINT WARNING * * *
The two-headed ogre hits you with a +0 giant club!!
You die...

........................#
#.#
...####.##.#######..#####
#.# ...........#
#..###### #.#
#..######### #.......#
#.# #### ######..####.#
#.# . ....#..# #.# #.#
... #..#..# #.######.#
....!#).#..# #........#
......O@...#############
........#....#
..!.....#..#.#
........#..#.# #
################.#.#
.###.#...###.# #.....#
#[#.......##.######)###
....##...........>..#
.#.####.............#


You could see a two-headed ogre.

Vanquished Creatures
  Erolcha (D:9)
  Fannar (D:11)
  2 two-headed ogres (D:11)
  Pikel (D:8)
  Maurice (D:9)
  A gargoyle (D:10)
  Maggie (D:6)
  2 unseen horrors (D:10)
  2 komodo dragons (D:11)
  A troll (D:10)
  A hornet (D:10)
  Sigmund (D:6)
  3 shadows
  3 wyverns
  A wraith (D:10)
  20 yaks
  A steam dragon (D:7)
  A water moccasin (D:5)
  Duvessa (D:7)
  2 ice beasts
  6 orc warriors
  2 sky beasts
  A centaur (D:8)
  2 lemures (D:8)
  A gnoll sergeant (D:9)
  2 scorpions (D:7)
  A bullfrog (D:7)
  2 kobold brigands
  A wight (D:10)
  Dowan (D:7)
  25 killer bees
  4 howler monkeys (D:11)
  A hound (D:6)
  A jelly (D:4)
  10 orc priests
  2 gnoll boudas (D:7)
  Jessica (D:3)
  2 sleepcaps
  2 iguanas
  15 orc wizards
  19 gnolls
  14 adders
  A shadow imp (D:7)
  2 ufetubi
  2 dart slugs
  68 orcs
  8 endoplasms
  A giant cockroach (D:2)
  8 goblins
  10 hobgoblins
  2 jackals (D:3)
  5 quokkas
  2 ball pythons
  5 bats
  A frilled lizard (D:3)
  20 kobolds
  4 rats
301 creatures vanquished.

Notes
Turn   | Place    | Note
-------+----------+-------------------------------------------
     0 | D:1      | arthad the Vine Stalker Berserker began the quest for the
                  | Orb.
     0 | D:1      | Reached XP level 1. HP: 11/11 MP: 2/2
   125 | D:1      | Reached XP level 2. HP: 12/16 MP: 1/3
   483 | D:1      | Reached XP level 3. HP: 12/20 MP: 4/4
   723 | D:2      | Reached ** piety under Trog
   817 | D:2      | Gained mutation: Your natural rate of healing is unusually
                  | fast. [Vine Stalker growth]
   817 | D:2      | Reached XP level 4. HP: 21/24 MP: 3/5
  1502 | D:3      | Reached XP level 5. HP: 17/27 MP: 2/6
  1776 | D:3      | Noticed Jessica
  1785 | D:3      | Killed Jessica
  2342 | D:4      | Reached *** piety under Trog
  2343 | D:4      | Reached XP level 6. HP: 22/33 MP: 3/7
  2545 | D:4      | Found an ornate altar of the Wu Jian Council.
  2845 | D:5      | Entered Level 5 of the Dungeon
  2973 | D:5      | Noticed a water moccasin
  2986 | D:5      | Killed a water moccasin
  2987 | D:5      | Reached skill level 1 in Evocations
  2993 | D:5      | Reached XP level 7. HP: 37/37 MP: 6/8
  3062 | D:5      | Found a hide-covered altar of Uskayaw.
  3064 | D:5      | Found a white marble altar of Elyvilon.
  3386 | D:5      | Found a glowing silver altar of Zin.
  3386 | D:5      | Noticed an angel
  3666 | D:6      | Found a shadowy altar of Dithmenos.
  3923 | D:6      | Found an opulent altar of Gozag.
  4014 | D:6      | Found a staircase to the Ecumenical Temple.
  4104 | D:6      | Identified the +4 leather armour "Ytiyriwk" {rPois Str+3
                  | Dex-3}
  4108 | D:6      | Gained mutation: You have razor-sharp teeth. [Vine Stalker
                  | growth]
  4108 | D:6      | Reached XP level 8. HP: 42/42 MP: 9/9
  4140 | D:6      | Noticed Sigmund
  4153 | D:6      | Killed Sigmund
  4154 | D:6      | Reached skill level 5 in Fighting
  4154 | D:6      | Reached skill level 5 in Axes
  4458 | D:6      | Noticed Maggie
  4480 | D:6      | Killed Maggie
  4780 | D:7      | Noticed Dowan
  4780 | D:7      | Noticed Duvessa
  4791 | D:7      | Killed Duvessa
  4803 | D:7      | Reached XP level 9. HP: 48/48 MP: 7/10
  4804 | D:7      | Killed Dowan
  4810 | D:7      | Reached **** piety under Trog
  4855 | D:7      | Found Sopih's Armour Boutique.
  5903 | D:8      | Found a radiant altar of Vehumet.
  5940 | D:8      | HP: 2/50 [killer bee (1)]
  6284 | D:8      | Noticed Pikel
  6290 | D:8      | Killed Pikel
  6291 | D:8      | Reached skill level 5 in Armour
  6291 | D:8      | Reached skill level 5 in Dodging
  6291 | D:8      | Reached XP level 10. HP: 55/55 MP: 11/11
  6535 | D:9      | Reached ***** piety under Trog
  6577 | D:9      | Noticed Erolcha
  6593 | D:9      | Killed Erolcha
  6833 | D:9      | Noticed Maurice
  6841 | D:9      | Killed Maurice
  7151 | D:10     | Entered Level 10 of the Dungeon
  7259 | D:10     | Noticed a gargoyle
  7262 | D:10     | Killed a gargoyle
  7308 | D:10     | Reached skill level 5 in Evocations
  7388 | D:10     | Reached XP level 11. HP: 60/60 MP: 12/12
  7780 | D:10     | Received a gift from Trog
  7782 | D:10     | Identified a scroll of acquirement
  7782 | D:10     | Acquired a scarf of resistance
  8143 | D:11     | Noticed Fannar
  8159 | D:11     | Killed Fannar
  8414 | D:11     | Found a staircase to the Lair.
  8724 | D:11     | Noticed a two-headed ogre
  8728 | D:11     | Killed a two-headed ogre
  8795 | D:11     | Noticed a two-headed ogre
  8804 | D:11     | Killed a two-headed ogre
  8805 | D:11     | Reached XP level 12. HP: 29/67 MP: 8/13
  8877 | D:11     | Noticed a two-headed ogre
  8905 | D:11     | Mangled by a two-headed ogre

Illustrated notes

Levels and vault maps discovered:
D:1:      grunt_arrival_lava_bath, layout_rooms, minmay_tetromino_o4
D:2:      layout_basic
D:3:      layout_loops_ring, nicolae_elevator_lobby_asterisk, uniq_jessica
D:4:      layout_basic, lemuel_tele_altar
D:5:      layout_loops_ring, zin_angel, minitemple, st_stairs_5,
          minmay_door_square
D:6:      layout_gridville, grunt_gozag_statues,
          mainiacjoe_overflow_surrounded_room, minmay_temple_entry_arrows,
          nicolae_half_adder, uniq_maggie, uniq_sigmund
D:7:      layout_basic, serial_shops, nicolae_take_the_stairs, serial_glass,
          glass_columns_b, glass_columns_c, grunt_decor_mini_mirrors,
          grunt_ministairs_8, uniq_duvessa
D:8:      layout_gridville, fiery_altar_vehumet, nrook_mini_backslash,
          uniq_pikel
D:9:      layout_irregular_city, uniq_erolcha, uniq_maurice
D:10:     kennysheep_six_static_rooms, layout_basic, grunt_ministairs_2
D:11:     layout_loops_ring, david_lair_shrubbed, erik_orc_1, uniq_fannar

Skill      XL: |  1  2  3  4  5  6  7  8  9 10 11 |
---------------+----------------------------------+-----
Fighting       | 3 4 5 7 8 9 |  9.8
Axes           | 3 4 5 7 8 9 |  9.8
Armour         | 2 3 4 5 6 |  6.6
Dodging        | 2 3 4 5 6 |  6.6
Evocations     | 1 2 3 4 5 6 |  6.2

Action                     |  1- 3 |  4- 6 |  7- 9 | 10-12 || total
---------------------------+-------+-------+-------+-------++-------
  Melee: Hand axe          |    79 |   143 |   196 |       ||   418
         Bite              |    21 |    30 |    81 |    63 ||   195
         Punch             |     1 |     1 |     8 |     2 ||    12
         War axe           |       |       |   100 |   158 ||   258
         Executioner's axe |       |       |       |    84 ||    84
  Throw: Dart              |       |     2 |       |     1 ||     3
         Javelin           |       |       |     4 |     7 ||    11
 Invoke: Berserk           |     1 |     1 |     4 |     2 ||     8
         Trog's Hand       |       |     1 |     6 |     1 ||     8
  Evoke: Wand              |       |     1 |     7 |     2 ||    10
    Use: Scroll            |       |       |    10 |     3 ||    13
         Potion            |       |       |     1 |       ||     1
   Stab: Sleeping          |     1 |       |       |       ||     1
         Paralysed         |       |     3 |     4 |       ||     7
 Armour: Animal skin       |    17 |     4 |       |       ||    21
         Ring mail         |       |    41 |    26 |       ||    67
         Leather armour    |       |       |   146 |   142 ||   288
  Dodge: Dodged            |    49 |    54 |   250 |   228 ||   581
  Block: Other             |       |    18 |   108 |    75 ||   201
         Reflection        |       |     1 |       |       ||     1

Table legend: (Time is in decaauts)
 A = Elapsed time spent in this place.
 B = Non-inter-level travel time spent in this place.
 C = Inter-level travel time spent in this place.
 D = Time resting spent in this place.
 E = Time spent auto-exploring this place.
 F = Levels seen in this place.
 G = Mean time per level.
                   A        B        C        D        E       F      G
               +--------+--------+--------+--------+--------+-----+--------+
         Total |   9275 |   9029 |    246 |    201 |   6797 |  11 |  843.2 |
       Dungeon |   9275 |   9029 |    246 |    201 |   6797 |  11 |  843.2 |
               +--------+--------+--------+--------+--------+-----+--------+

Top non-repeatable levels by time:
     D:7: 1036 daAuts
     D:6: 1036 daAuts
    D:10: 1017 daAuts
    D:11: 912 daAuts
     D:8: 858 daAuts
     D:5: 799 daAuts
     D:2: 772 daAuts
     D:4: 746 daAuts
     D:3: 744 daAuts
     D:9: 730 daAuts
     D:1: 620 daAuts
